 Dungeon Crawl Stone Soup version 0.29-a0-299-g4c793a2ed2 (webtiles) character file.

Game seed: 10599859506120297785

152 Dabor the Chopper (level 5, -19/47 HPs)
             Began as a Hill Orc Monk on Mar 24, 2022.
             Was a Believer of Beogh.
             Killed from afar by Ijyb (33 damage)
             ... with a bolt of acid
             ... on level 3 of the Dungeon.
             The game lasted 00:03:33 (3236 turns).

Dabor the Chopper (Hill Orc Monk)                   Turns: 3236, Time: 00:03:34

Health: -19/47     AC:  2    Str: 13 (16) XL:     5   Next: 34%
Magic:  5/5        EV:  9    Int: 14 (16) God:    Beogh [**....]
Gold:   150        SH:  0    Dex: 12 (13) Spells: 4/4 levels left

rFire   . . .      SeeInvis .   a - +0 hand axe
rCold   . . .      Faith    .   (no shield)
rNeg    . . .      Spirit   .   f - +0 scale mail
rPois   .          Reflect  .   (no helmet)
rElec   .          Harm     .   (no cloak)
rCorr   .          Rampage  .   (no gloves)
Will    .....                   (no boots)
Stlth   ..........              (no amulet)
HPRegen 0.15/turn               b - +6 ring of intelligence
MPRegen 0.09/turn               (no ring)

@: corroded, flying
A: no striking features
a: Renounce Religion, Smiting


You were on level 3 of the Dungeon.
You worshipped Beogh.
Beogh was pleased with you.
You visited 1 branch of the dungeon, and saw 3 of its levels.

You collected 150 gold pieces.

Inventory:

Hand Weapons
 a - a +0 hand axe (weapon)
Armour
 f - a +0 scale mail (worn)
Jewellery
 b - a +6 ring of intelligence (left hand)
Scrolls
 g - 2 scrolls of identify {unknown}
 h - a scroll of immolation {unknown}
 i - 5 scrolls of teleportation {unknown}
 j - a scroll of brand weapon {unknown}
Potions
 d - a potion of heal wounds


   Skills:
 + Level 4.4 Fighting
 + Level 5.0 Axes
 + Level 1.3 Throwing
 + Level 2.1 Armour
 + Level 3.1 Dodging
 - Level 1.5 Stealth
 + Level 0.5 Invocations


You had 4 spell levels left.
You didn't know any spells.
Your spell library was empty.

Dungeon Overview and Level Annotations

Branches:
Dungeon (3/15)

Altars:
Ru

Annotations:
D:3 Ijyb


Message History

Ijyb is lightly wounded.
Ijyb barely misses you. Ijyb closely misses you.
You hit Ijyb.
Ijyb is moderately wounded.
Ijyb hits you with a +0 dagger.
You closely miss Ijyb.
Ijyb is moderately wounded.
Ijyb hits you but does no damage.
You hit Ijyb but do no damage.
Ijyb is moderately wounded.
Ijyb zaps a wand.
The bolt of acid hits you!! The acid corrodes you!
You are too injured to fight recklessly!
You are too injured to fight recklessly!
You are too injured to fight recklessly!
It was a potion of heal wounds.
You feel much better. Ijyb hits you with a +0 dagger.
It was a potion of flight.
You feel very buoyant.
You fly up into the air.
Ijyb hits you with a +0 dagger.
You hit Ijyb but do no damage.
Ijyb is moderately wounded.
Ijyb hits you with a +0 dagger.
You hit Ijyb but do no damage.
Ijyb is moderately wounded.
Ijyb barely misses you.
You hit Ijyb but do no damage.
Ijyb is moderately wounded.
Ijyb zaps a wand.
The bolt of acid hits you!!
You hit Ijyb but do no damage.
Ijyb is moderately wounded.
Ijyb barely misses you.
You completely miss Ijyb.
Ijyb is moderately wounded.
Ijyb hits you with a +0 dagger.
* * * LOW HITPOINT WARNING * * *
You barely miss Ijyb.
Ijyb is moderately wounded.
Ijyb zaps a wand.
The bolt of acid hits you!!
Ouch! That really hurt!
You die...

....P.....#.......##...#
._..P.........#####....#
....P.....#...# #.....#
....P...###...###.......
........# #.............
P...P..## ##..##........
.......#####..##.#.....#
######.....^...........#
#######..##@###...#
#.....g.....#
#.########..# #. ..#
..## ..# ... #.# #.#


You could see Ijyb.

Vanquished Creatures
  Jessica (D:3)
  A gnoll (D:2)
  5 adders (D:2)
  A dart slug (D:1)
  An orc (D:3)
  4 ball pythons
  7 endoplasms
  2 giant cockroaches
  6 goblins
  5 hobgoblins
  3 jackals (D:1)
  3 quokkas
  10 bats
  4 frilled lizards
  8 kobolds
  6 rats
67 creatures vanquished.

Vanquished Creatures (others)
  An endoplasm (D:2)
  9 fungi (D:3)
10 creatures vanquished.

Grand Total: 77 creatures vanquished

Notes
Turn   | Place    | Note
-------+----------+-------------------------------------------
     0 | D:1      | Dabor the Hill Orc Monk began the quest for the Orb.
     0 | D:1      | Reached XP level 1. HP: 19/19 MP: 1/1
    83 | D:1      | Reached XP level 2. HP: 27/27 MP: 2/2
   601 | D:1      | Reached skill level 1 in Armour
  1064 | D:1      | Reached XP level 3. HP: 33/33 MP: 3/3
  1630 | D:2      | Found a faded altar of an unknown god.
  1635 | D:2      | Reached XP level 4. HP: 36/40 MP: 4/4
  1764 | D:2      | Reached skill level 1 in Throwing
  2464 | D:2      | Became a worshipper of Beogh the Brigand
  2464 | D:2      | Reached * piety under Beogh
  2464 | D:2      | Reached ** piety under Beogh
  2490 | D:2      | Reached XP level 5. HP: 41/47 MP: 5/5
  2674 | D:3      | Noticed Ijyb
  3046 | D:3      | Found a sacrificial altar of Ru.
  3147 | D:3      | Noticed Jessica
  3158 | D:3      | Killed Jessica
  3159 | D:3      | Reached skill level 5 in Axes
  3236 | D:3      | Killed from afar by Ijyb

Illustrated notes

Levels and vault maps discovered:
D:1:      dpeg_arrival_shrine, layout_basic
D:2:      layout_loops_cross, hellmonk_ecumenical_altar_leap_of_faith,
          minmay_misc_feat_rugged, minmay_pentomino_w4
D:3:      minmay_chambers_of_threes, layout_loops_ring,
          nicolae_hepliaklqana_monster_ancestors, trog_hazing_becter,
          lemuel_round_altar, mainiacjoe_overflow_cross_hatched,
          kennysheep_slug_shrine, lemuel_tele_altar, ebering_ghost_sewer_f,
          serial_shops, nicolae_shop_window_shopping, st_stairs_5, uniq_ijyb,
          uniq_jessica

Skill      XL: |  1  2  3  4  5 |
---------------+----------------+-----
Armour         | 1 2 |  2.1
Fighting       | 4 |  4.4
Throwing       | 1 |  1.3
Dodging        | 3 |  3.1
Axes           | 5 |  5.0
Stealth        | |  1.5
Invocations    | |  0.5

Action                   |  1- 3 |  4- 6 || total
-------------------------+-------+-------++-------
Melee: Hand axe          |   137 |   155 ||   292
       Punch             |       |     1 ||     1
Throw: Dart              |       |     3 ||     3
Invok: Convert to Beogh  |       |     1 ||     1
  Use: Potion            |       |     5 ||     5
       Scroll            |       |     1 ||     1
 Stab: Sleeping          |     2 |       ||     2
Armor: Robe              |     7 |       ||     7
       Scale mail        |    57 |    80 ||   137
Dodge: Dodged            |    97 |    88 ||   185

Table legend: (Time is in decaauts)
 A = Elapsed time spent in this place.
 B = Non-inter-level travel time spent in this place.
 C = Inter-level travel time spent in this place.
 D = Time resting spent in this place.
 E = Time spent auto-exploring this place.
 F = Levels seen in this place.
 G = Mean time per level.
                   A        B        C        D        E       F      G
               +--------+--------+--------+--------+--------+-----+--------+
         Total |   3258 |   2990 |    268 |    254 |   2148 |   3 | 1086.0 |
       Dungeon |   3258 |   2990 |    268 |    254 |   2148 |   3 | 1086.0 |
               +--------+--------+--------+--------+--------+-----+--------+

Top non-repeatable levels by time:
     D:1: 1593 daAuts
     D:2: 1366 daAuts
     D:3: 298 daAuts
